 Dungeon Crawl Stone Soup version 0.22-a0-880-gb7b0c8b (webtiles) character file.

506 poirepourri the Cleaver (level 6, -1/51 HPs)
             Began as a Draconian Chaos Knight on July 30, 2018.
             Slain by a worker ant (6 damage)
             ... on level 4 of the Dungeon.
             The game lasted 00:04:39 (3632 turns).

poirepourri the Cleaver (Draconian Chaos Knight)    Turns: 3632, Time: 00:04:39

Health: -1/51      AC:  6    Str: 14    XL:     6   Next: 97%
Magic:  6/6        EV: 12    Int: 13    God:    Xom [....*.]
Gold:   222        SH:  0    Dex: 12    Spells: 5/5 levels left

rFire    + . .     SeeInvis .   a - +0 hand axe (chaos)
rCold    . . .     Gourm    .   (no shield)
rNeg     . . .     Faith    .   (armour unavailable)
rPois    .         Spirit   .   (helmet restricted)
rElec    .         Reflect  .   (no cloak)
rCorr    .         Harm     .   (no gloves)
MR       .....                  (no boots)
Stlth    +.........             (no amulet)
HPRegen  0.17/turn              h - ring of flight
MPRegen  0.10/turn              c - ring of protection from fire

@: lethally poisoned (-1 -> -13), hasted and slowed
A: unfitting armour, cold-blooded, AC +6
a: Renounce Religion, Evoke Flight


You were on level 4 of the Dungeon.
You worshipped Xom.
You were a beloved toy of Xom.
You were not hungry.

You visited 1 branch of the dungeon, and saw 4 of its levels.

You collected 222 gold pieces.

Inventory:

Hand Weapons
 a - a +0 hand axe of chaos (weapon)
 i - a +0 mace of protection
Missiles
 f - 86 bolts
 j - 3 tomahawks (quivered)
Jewellery
 c - a ring of protection from fire (right hand)
 h - a ring of flight (left hand)
Wands
 g - a wand of disintegration (10)
Scrolls
 l - 3 scrolls of remove curse
 n - 2 scrolls of magic mapping {unknown}
Potions
 d - a potion of haste
 e - a potion of magic
 k - 2 potions of cancellation
 p - a potion of agility
Comestibles
 b - 6 rations


   Skills:
 - Level 3.2 Fighting
 + Level 8.0 Axes
 - Level 2.1 Dodging


You had 5 spell levels left.
You didn't know any spells.
Your spell library was empty.

Dungeon Overview and Level Annotations

Branches:
Dungeon (4/15)
 Temple: D:4-7

Altars:
Nemelex Xobeh
Xom


Innate Abilities, Weirdness & Mutations

Your plain brown scales are hard. (AC +6)
You cannot fit into any form of body armour.
You are cold-blooded and may be slowed by cold attacks.


Message History

The worker ant bites you.
* * * LOW HITPOINT WARNING * * *
You are poisoned.
The worker ant poisons you! The worker ant bites you.
* * * LOW HITPOINT WARNING * * *
You are more poisoned.
The worker ant poisons you!
You hit the worker ant.
The worker ant is poisoned.
The worker ant is moderately wounded.
You feel sick. The worker ant bites you.
* * * LOW HITPOINT WARNING * * *
You are more poisoned.
The worker ant poisons you! The worker ant closely misses you.
Unknown command.
You feel yourself speed up.
* * * LOW HITPOINT WARNING * * *
You feel sick. The worker ant misses you.
* * * LOW HITPOINT WARNING * * *
You feel sick. The worker ant bites you.
You die...

#........
###########.#######
#...........# #.
######(###########
##. #......(# ....
#_####[)# #### #._#
#.####).#######.
.......@)....... ##
#.####.a........
... #.######### ###
#.# ∆ #.. # ##. .
.[ ##


You could see a worker ant.

Vanquished Creatures
  An orc warrior (D:3)
  4 orc priests
  2 orc wizards
  Ijyb (D:3)
  A worker ant (D:4)
  A hound skeleton (D:4)
  7 adders
  An ooze (D:3)
  A worm (D:2)
  6 dart slugs
  6 leopard geckos
  10 orcs
  13 bats
  6 giant cockroaches
  4 goblins
  5 hobgoblins
  4 jackals (D:1)
  5 kobolds
  4 quokkas
  A ball python (D:3)
  6 frilled lizards
  9 rats
98 creatures vanquished.

Notes
Turn   | Place    | Note
-------+----------+-------------------------------------------
     0 | D:1      | poirepourri the Draconian Chaos Knight began the quest for the Orb.
     0 | D:1      | Reached XP level 1. HP: 19/19 MP: 1/1
     2 | D:1      | Noticed a merfolk
     4 | D:1      | Noticed an octopode
     4 | D:1      | Noticed a troll
     6 | D:1      | Noticed a vine stalker
     6 | D:1      | Noticed a demigod
     8 | D:1      | Noticed a tengu
     8 | D:1      | Noticed a gargoyle
    10 | D:1      | Noticed a human
    10 | D:1      | Noticed a demonspawn
    12 | D:1      | Noticed a felid
    14 | D:1      | Noticed a ghoul
    16 | D:1      | Noticed an elf
    16 | D:1      | Noticed a naga
    18 | D:1      | Noticed a vampire
    18 | D:1      | Noticed a minotaur
    21 | D:1      | Noticed a halfling
    21 | D:1      | Noticed a centaur
    23 | D:1      | Noticed an ogre
    23 | D:1      | Noticed a formicid
    25 | D:1      | Noticed a spriggan
    27 | D:1      | Noticed a dwarf
    27 | D:1      | Noticed a draconian
   133 | D:1      | XOM: divination: magic mapping
   136 | D:1      | XOM: polymorph frilled lizard -> quokka
   170 | D:1      | XOM: 4-stop teleportation journey
   195 | D:1      | Reached XP level 2. HP: 13/26 MP: 2/2
   224 | D:1      | XOM: medium Air miscast
   363 | D:1      | XOM: 3-stop teleportation journey
   422 | D:1      | XOM: harmless Erth miscast
   434 | D:1      | XOM: 2-stop teleportation journey
   614 | D:1      | Reached skill level 4 in Axes
   630 | D:1      | XOM: god gift: polished ring mail {god gift}
   635 | D:1      | Got a polished ring mail {god gift}
   737 | D:1      | Reached XP level 3. HP: 24/31 MP: 3/3
   875 | D:2      | XOM: medium Ice miscast
  1163 | D:2      | XOM: stat loss: -1 Str (13/14)
  1257 | D:2      | XOM: severe Erth miscast
  1531 | D:2      | Reached XP level 4. HP: 19/38 MP: 4/4
  1989 | D:3      | Reached skill level 5 in Axes
  2173 | D:3      | Found a sparkling altar of Nemelex Xobeh.
  2431 | D:3      | XOM: noise
  2445 | D:3      | XOM: confusion
  2460 | D:3      | XOM: summons 1 hostile shadow creature
  2461 | D:3      | Reached XP level 5. HP: 33/45 MP: 5/5
  2461 | D:3      | Noticed an orc warrior
  2552 | D:3      | XOM: fog
  2554 | D:3      | XOM: potion effect (might)
  2562 | D:3      | Killed an orc warrior
  2562 | D:3      | Reached skill level 6 in Axes
  2677 | D:3      | XOM: god gift: 39 gold pieces
  2748 | D:3      | XOM: divination: magic mapping
  2749 | D:3      | Noticed Ijyb
  2765 | D:3      | Killed Ijyb
  2765 | D:3      | Reached XP level 6. HP: 51/51 MP: 6/6
  2868 | D:3      | Reached skill level 7 in Axes
  3011 | D:3      | XOM: scenery: create altars
  3046 | D:4      | XOM: god gift: 22 bolts
  3601 | D:4      | XOM: smoke on damage
  3606 | D:4      | XOM: scenery: create altars
  3625 | D:4      | Reached skill level 8 in Axes
  3628 | D:4      | XOM: divination: detect items
  3632 | D:4      | Slain by a worker ant

Vault maps used:
D:1:      kb_arrival_jail, minmay_quantized
D:2:      kennysheep_big_flooded_room, minmay_tromino_v4_c, uniq_robin
D:3:      minmay_wonky_spiral, first_ration, hangedman_decor_push,
          minmay_misc_feat_roman, nemelex_lonely_heart_becter, uniq_ijyb

Skill      XL: |  1  2  3  4  5  6 |
---------------+-------------------+-----
Axes           | 4 5 6 8 |  8.0
Fighting       | |  3.2
Dodging        | |  2.1

Action                   |  1- 3 |  4- 6 || total
-------------------------+-------+-------++-------
Melee: Hand axe          |   116 |   185 ||   301
       Tailslap          |     8 |    26 ||    34
Throw: Tomahawk          |       |     3 ||     3
  Use: Scroll            |     4 |     5 ||     9
       Potion            |       |     4 ||     4
 Stab: Paralysed         |       |     3 ||     3
       Confused          |       |     1 ||     1
  Eat: Chunk             |     1 |       ||     1
       Ration            |       |     3 ||     3
Armor: Skin              |    38 |    60 ||    98
Dodge: Dodged            |    81 |   114 ||   195

Table legend:
 A = Spawn XP
 B = Non-spawn XP
 C = Spawn XP percentage of total XP
 D = Spawn monster count
 E = Non-spawn monster count
 F = Spawn count percentage of total count
 G = Total turns spent on level
                    A         B        C        D         E        F      G
               +---------+---------+-------+---------+---------+-------+---------
         Total |       0 |     724 |   0.0 |       0 |      98 |   0.0 |  3632
               +---------+---------+-------+---------+---------+-------+---------
           D:1 |       0 |      44 |   0.0 |       0 |      23 |   0.0 |   859
           D:2 |       0 |      55 |   0.0 |       0 |      22 |   0.0 |  1108
           D:3 |       0 |     373 |   0.0 |       0 |      38 |   0.0 |  1071
           D:4 |       0 |     252 |   0.0 |       0 |      15 |   0.0 |   594
               +---------+---------+-------+---------+---------+-------+---------
